Workbook

Sheet Anx I Planilha de custos
A1: PLANILHA DE FORMAÇÃO DE PREÇOS - PERÍODO 03/02/2022 a 02/02/2023
A2: Posto de Trabalho | B2: Carga Horária semanal do Posto de Trabalho | D2: Convenções Coletivas de Trabalho (poderão ser alteradas) Vigência Data-base | E2: MONTANTE "A" | H2: MONTANTE "B" | K2: Somatório Montantes "A" e "B" | L2: CTIL Calculado sobre o somatório dos Montantes "A" e "B" | M2: Total unitário mensal do posto de trabalho | N2: Total unitário do posto de trabalho no período | O2: Quantidade de profissionais por posto de trabalho | P2: Total mensal estimado da Contratação | Q2: Total estimado da contratação para o período
E3: Salário | F3: Encargos Sociais | G3: Total unitário montante "A" | H3: Valor mensal do Auxílio-alimentação | I3: Valor do auxílio-transporte mensal - parte da empresa | J3: Total unitário montante "B"
N5: 12
F6: ='Anx II- Encargos Sociais'!D36 -> 0.71702338 | L6: ='Anx II- Encargos Sociais'!K14 -> 0.31020408 | N6: meses
A7: Arquiteto de Software - Master | B7: 40 Horas semanais | C7: Entre 9h e 20h | D7: CCT SINDPD/DF 2021/2022 De 01/05/2021 até 30/04/2022 _x000B_Data Base 01/05 | E7: 20062.83 | F7: =E7*$F$6 -> 14385.518 | G7: =SUM(E7:F7) -> 34448.348 | H7: ='Anx III - Horas, VT,VR, '!$O$6 -> 588.145 | I7: ='Anx III - Horas, VT,VR, '!H35 -> 0 | J7: =SUM(H7:I7) -> 588.145 | K7: =G7+J7 -> 35036.493 | L7: =K7*$L$6 -> 10868.463 | M7: =SUM(K7:L7) -> 45904.956 | N7: =M7*$N$5 -> 550859.48 | O7: 5 | P7: =M7*O7 -> 229524.78 | Q7: =P7*$N$5 -> 2754297.4
A8: Engenheiro de software - Fullstack Master | E8: 17094.2 | F8: =E8*$F$6 -> 12256.941 | G8: =SUM(E8:F8) -> 29351.141 | H8: ='Anx III - Horas, VT,VR, '!$O$6 -> 588.145 | I8: ='Anx III - Horas, VT,VR, '!H35 -> 0 | J8: =SUM(H8:I8) -> 588.145 | K8: =G8+J8 -> 29939.286 | L8: =K8*$L$6 -> 9287.2887 | M8: =SUM(K8:L8) -> 39226.575 | N8: =M8*$N$5 -> 470718.9 | O8: 13 | P8: =M8*O8 -> 509945.47 | Q8: =P8*$N$5 -> 6119345.7
A9: Engenheiro de software - Fullstack Sênior | E9: 11434 | F9: =E9*$F$6 -> 8198.4453 | G9: =SUM(E9:F9) -> 19632.445 | H9: ='Anx III - Horas, VT,VR, '!$O$6 -> 588.145 | I9: ='Anx III - Horas, VT,VR, '!H36 -> 0 | J9: =SUM(H9:I9) -> 588.145 | K9: =G9+J9 -> 20220.59 | L9: =K9*$L$6 -> 6272.5096 | M9: =SUM(K9:L9) -> 26493.1 | N9: =M9*$N$5 -> 317917.2 | O9: 3 | P9: =M9*O9 -> 79479.3 | Q9: =P9*$N$5 -> 953751.6
A10: Data Engineer - Master | E10: 15715.11 | F10: =E10*$F$6 -> 11268.101 | G10: =SUM(E10:F10) -> 26983.211 | H10: ='Anx III - Horas, VT,VR, '!$O$6 -> 588.145 | I10: ='Anx III - Horas, VT,VR, '!H36 -> 0 | J10: =SUM(H10:I10) -> 588.145 | K10: =G10+J10 -> 27571.356 | L10: =K10*$L$6 -> 8552.7472 | M10: =SUM(K10:L10) -> 36124.104 | N10: =M10*$N$5 -> 433489.24 | O10: 2 | P10: =M10*O10 -> 72248.207 | Q10: =P10*$N$5 -> 866978.48
A11: Data Scientist - Master | E11: 15168.25 | F11: =E11*$F$6 -> 10875.99 | G11: =SUM(E11:F11) -> 26044.24 | H11: ='Anx III - Horas, VT,VR, '!$O$6 -> 588.145 | I11: ='Anx III - Horas, VT,VR, '!H36 -> 0 | J11: =SUM(H11:I11) -> 588.145 | K11: =G11+J11 -> 26632.385 | L11: =K11*$L$6 -> 8261.4745 | M11: =SUM(K11:L11) -> 34893.859 | N11: =M11*$N$5 -> 418726.31 | O11: 2 | P11: =M11*O11 -> 69787.719 | Q11: =P11*$N$5 -> 837452.62
A12: Platform Engineer - Master | E12: 16500 | F12: =E12*$F$6 -> 11830.886 | G12: =SUM(E12:F12) -> 28330.886 | H12: ='Anx III - Horas, VT,VR, '!$O$6 -> 588.145 | I12: ='Anx III - Horas, VT,VR, '!H36 -> 0 | J12: =SUM(H12:I12) -> 588.145 | K12: =G12+J12 -> 28919.031 | L12: =K12*$L$6 -> 8970.8014 | M12: =SUM(K12:L12) -> 37889.832 | N12: =M12*$N$5 -> 454677.99 | O12: 2 | P12: =M12*O12 -> 75779.664 | Q12: =P12*$N$5 -> 909355.97
A13: Cloud Engineer - Master | E13: 18000 | F13: =E13*$F$6 -> 12906.421 | G13: =SUM(E13:F13) -> 30906.421 | H13: ='Anx III - Horas, VT,VR, '!$O$6 -> 588.145 | I13: ='Anx III - Horas, VT,VR, '!H42 -> 0 | J13: =SUM(H13:I13) -> 588.145 | K13: =G13+J13 -> 31494.566 | L13: =K13*$L$6 -> 9769.7429 | M13: =SUM(K13:L13) -> 41264.309 | N13: =M13*$N$5 -> 495171.7 | O13: 1 | P13: =M13*O13 -> 41264.309 | Q13: =P13*$N$5 -> 495171.7
A14: Subtotal 1 | G14: =SUM(G7:G13) -> 195696.69 | J14: =SUM(J7:J13) -> 4117.015 | K14: =SUM(K7:K13) -> 199813.71 | O14: =SUM(O7:O13) -> 28 | P14: =Q14/N5 -> 1078029.5 | Q14: =SUM(Q7:Q13) -> 12936353
A15: AUXÍLIO MORTE/FUNERAL - RESSARCIMENTO (Não pode ser alterado pela licitante) | N15: Quantidade | O15: Valor unitário | P15: Valor Mensal | Q15: Valor período
N16: 1 | O16: 3300 | P16: =Q16/N5 -> 275 | Q16: =O16*N16 -> 3300
A17: ADICIONAL POR TEMPO DE SERVIÇO - RESSARCIMENTO (Não pode ser alterado pela licitante) | I17: Posto de Trabalho | J17: Salário | K17: Triênio Percentual Máximo | L17: Encargos Sociais | M17: CTIL | N17: Quantidade de Profissionais | O17: Valor Mensal por Posto de Trabalho | P17: =SUM(O18:O24) -> 63387.176 | Q17: =N5*P17 -> 760646.11
I18: Arquiteto de Software - Master | J18: =E7 -> 20062.83 | K18: 0.06 | L18: =F6 -> 0.71702338 | M18: =L6 -> 0.31020408 | N18: =O7 -> 5 | O18: =((J18*$K$18)+(J18*$K$18*$L$18)+((J18*$K$18)+(J18*$K$18*$L$18))*$M$18)*N18 -> 13540.31
I19: Engenheiro de software - Fullstack Senior | J19: =E8 -> 17094.2 | N19: =O8 -> 13 | O19: =((J19*$K$18)+(J19*$K$18*$L$18)+((J19*$K$18)+(J19*$K$18*$L$18))*$M$18)*N19 -> 29995.668
I20: Engenheiro de software - Fullstack Master | J20: =E9 -> 11434 | N20: =O9 -> 3 | O20: =((J20*$K$18)+(J20*$K$18*$L$18)+((J20*$K$18)+(J20*$K$18*$L$18))*$M$18)*N20 -> 4630.0518
I21: Data Engineer - Master | J21: =E10 -> 15715.11 | N21: =O10 -> 2 | O21: =((J21*$K$18)+(J21*$K$18*$L$18)+((J21*$K$18)+(J21*$K$18*$L$18))*$M$18)*N21 -> 4242.4216
I22: Data Scientist - Master | J22: =E11 -> 15168.25 | N22: =O11 -> 2 | O22: =((J22*$K$18)+(J22*$K$18*$L$18)+((J22*$K$18)+(J22*$K$18*$L$18))*$M$18)*N22 -> 4094.7923
I23: Platform Engineer - Master | J23: =E12 -> 16500 | N23: =O12 -> 2 | O23: =((J23*$K$18)+(J23*$K$18*$L$18)+((J23*$K$18)+(J23*$K$18*$L$18))*$M$18)*N23 -> 4454.3091
I24: Cloud Engineer - Master | J24: =E13 -> 18000 | N24: =O13 -> 1 | O24: =((J24*$K$18)+(J24*$K$18*$L$18)+((J24*$K$18)+(J24*$K$18*$L$18))*$M$18)*N24 -> 2429.6231
A25: AUXÍLIO SAÚDE - RESSARCIMENTO (Valor máximo admitido - pode ser alterado pela licitante em caso de contratação de apólice de menor valor) | N25: Quantidade | O25: Valor unitário | P25: Valor Mensal | Q25: Valor período
N26: =O14 -> 28 | O26: 160.07 | P26: =N26*O26 -> 4481.96 | Q26: =P26*N5 -> 53783.52
A27: Subtotal 2 | P27: =SUM(P15:P26) -> 68144.136 | Q27: =SUM(Q15:Q26) -> 817729.63
A28: Valor estimado do Contrato | P28: Valor mensal | Q28: Valor total do período
P29: =P14+P27 -> 1146173.6 | Q29: =P29*N5 -> 13754083

Sheet Anx II- Encargos Sociais
B2: PLANILHA DE COMPOSIÇÃO DOS PERCENTUAIS
B3: MÁXIMOS DE ENCARGOS SOCIAIS | G3: CUSTOS INDIRETOS, TRIBUTOS E LUCRO - CITL
B4: Item | C4: Título | D4: R A T /FAP (*) PODERÁ SER ALTERADO | G4: TRIBUTAÇÃO | J4: Cumulativa | K4: Não Cumulativa
D5: 0.03 | E5: 2
B6: Módulo "A" | D6: % | G6: DESCRIÇÃO | J6: % | K6: %
B7: 1 | C7: PREVIDÊNCIA SOCIAL - PODERÁ SER ALTERADO | D7: 0.2 | G7: CUSTOS INDIRETOS* | I7: A | J7: 0.05 | K7: 0.05
B8: 2 | C8: SESI / SESC - NÃO PODERÁ SER ALTERADO | D8: 0.015 | G8: LUCRO* | I8: B | J8: 0.07 | K8: 0.07
B9: 3 | C9: SENAI / SENAC - NÃO PODERÁ SER ALTERADO | D9: 0.01 | G9: TRIBUTOS - SOMATÓRIO: | I9: C | J9: =SUM(J10:J13) -> 0.0865 | K9: =SUM(K10:K13) -> 0.1425
B10: 4 | C10: INCRA - NÃO PODERÁ SER ALTERADO | D10: 0.002 | I10: ISS | J10: 0.05 | K10: 0.05
B11: 5 | C11: SALÁRIO EDUCAÇÃO - NÃO PODERÁ SER ALTERADO | D11: 0.025 | I11: COFINS | J11: 0.03 | K11: 0.076
B12: 6 | C12: F G T S - NÃO PODERÁ SER ALTERADO | D12: 0.08 | I12: PIS | J12: 0.0065 | K12: 0.0165
B13: 7 | C13: RISCO ACIDENTE DE TRABALHO AJUSTADO (**) | D13: =D5*E5 -> 0.06 | I13: CPRB** | J13: 0 | K13: 0
B14: 8 | C14: SEBRAE - NÃO PODERÁ SER ALTERADO | D14: 0.006 | G14: TOTAL DO CITL | J14: =(((1+J7)*(1+J8))/(1-J9))-1 -> 0.22988506 | K14: =(((1+K7)*(1+K8))/(1-K9))-1 -> 0.31020408
B15: Total do Módulo "A" | D15: =SUM(D7:D14) -> 0.398 | G15: Fórmula do citl
B16: Módulo B | D16: %
D17: 1º Ano | E17: A partir do 2º ano
B18: 9 | C18: 13º SALÁRIO - NÃO PODERÁ SER ALTERADO (***) | D18: =1/12 -> 0.083333333 | E18: =1/11 -> 0.090909091 | G18: Onde:
B19: 10 | C19: FÉRIAS - NÃO PODERÁ SER ALTERADO (***) | D19: =1/12 -> 0.083333333 | E19: =1/11 -> 0.090909091 | G19: A = Custos indiretos;
B20: 11 | C20: ABONO DE FÉRIAS - NÃO PODERÁ SER ALTERADO (***) | D20: =1/3/12 -> 0.027777778 | E20: =1/3/11 -> 0.03030303 | G20: B = Lucro; e
B21: 12 | C21: AUXÍLIO DOENÇA - PODERÁ SER ALTERADO apenas a coluna 1º Ano | D21: 0.0139 | E21: 0.0139 | G21: C = Tributos - somatório
B22: 13 | C22: LICENÇA PATERNIDADE - PODERÁ SER ALTERADO apenas a coluna 1º Ano | D22: 0.0002 | E22: 0.0002 | G22: *Incluem custo com salário, encargos e auxílios do preposto
B23: 14 | C23: FALTAS LEGAIS - PODERÁ SER ALTERADO apenas a coluna 1º Ano | D23: 0.0028 | E23: 0.0028 | G23: **Contribuição Previdenciária sobre a Receita Bruta - lei 12.546/2011
B24: 15 | C24: ACIDENTE DO TRABALHO - PODERÁ SER ALTERADO apenas a coluna 1º Ano | D24: 0.0003 | E24: 0.0003
B25: Total do Módulo "B" | D25: =SUM(D18:D24) -> 0.21164444 | E25: =SUM(E18:E24) -> 0.22932121 | G25: CONTA-DEPÓSITO VINCULADA - BLOQUEADA PARA MOVIMENTAÇÃO
B26: Módulo C | D26: % | G26: Item | J26: 1º Ano | K26: A partir do 2º ano
B27: 16 | C27: AVISO PRÉVIO INDENIZADO - PODERÁ SER ALTERADO | D27: 0.0042 | G27: Módulo "A" | J27: =D15 -> 0.398 | K27: =D15 -> 0.398
B28: 17 | C28: AVISO PRÉVIO - PODERÁ SER ALTERADO | D28: 0.0004 | G28: Título | J28: %
B29: 18 | C29: INDENIZAÇÃO ADICIONAL - PODERÁ SER ALTERADO | D29: 0.0008 | G29: 13º salário | J29: =D18 -> 0.083333333 | K29: =E18 -> 0.090909091
B30: 19 | C30: FGTS RECISÕES SEM JUSTA CAUSA - PODERÁ SER ALTERADO | D30: 0.0288 | G30: Férias | J30: =D19 -> 0.083333333 | K30: =E19 -> 0.090909091
B31: Total do Módulo "C" | D31: =SUM(D27:D30) -> 0.0342 | G31: Subtotal | J31: =SUM(J29:J30) -> 0.16666667 | K31: =SUM(K29:K30) -> 0.18181818
B32: Módulo D | D32: %
B33: 20 | C33: INCIDÊNCIA DE A SOBRE B | D33: =D15*(D25-D20) -> 0.073178933 | E33: =D15*(E25-E20) -> 0.079209236 | G33: Incidência Módulo "A" | J33: =J27*J31 -> 0.066333333 | K33: =K27*K31 -> 0.072363636
B34: Total do Módulo "D" | D34: =SUM(D33) -> 0.073178933 | E34: =SUM(E33) -> 0.079209236 | G34: Abono férias | J34: =D20 -> 0.027777778 | K34: =E20 -> 0.03030303
B35: TOTAL DOS ENCARGOS SOCIAIS | D35: 1º Ano | E35: A partir do 2º ano | G35: FGTS Recisões sem Justa Causa | J35: =D30 -> 0.0288 | K35: =D30 -> 0.0288
D36: =(D15+D25+D31+D34) -> 0.71702338 | E36: =(D15+E25+D31+E34) -> 0.74073045 | G36: A CONTINGENCIAR | J36: =SUM(J31:J35) -> 0.28957778 | K36: =SUM(K31:K35) -> 0.31328485
B37: (*) Risco Acidente de Trabalho / Fator Acidentário de Prevenção
B38: (**) Variação das alíquotas de 0,5% a 6% de RAT, devido a incidência do FAP
B39: (***) Em caso de ausência de cobertura de férias, deverá ser alterado o divisor para 11 meses, à partir do segundo ano do contrato

Sheet Anx III - Horas, VT,VR, 
A3: PLANILHA DE HORAS ANUAIS 03/02/2022 a 02/02/2023 | J3: AUXÍLIO-ALIMENTAÇÃO
A4: Período | B4: Dias da Semana | G4: Quantidade de horas úteis por mês | J4: Posto de Trabalho | K4: Valor Unitário | L4: PAT (% mediante comprovação) | M4: Dias Úteis | N4: Total período | O4: Total Mensal
B5: Nº de Segundas a Quintas | C5: Nº de Sextas | D5: Nº de Sábados | E5: Nº de Domingos e Feriados | F5: Nº de Feriados Forenses | G5: 40 horas semanais | L5: 0
A6: fev/2022 | B6: 13 | C6: 4 | D6: 4 | E6: 4 | F6: 1 | G6: 136 | J6: Todos | K6: 28.69 | L6: =(K6)-(K6*L5) -> 28.69 | M6: =G20 -> 246 | N6: =L6*M6 -> 7057.74 | O6: =N6/12 -> 588.145
A7: mar/2022 | B7: 18 | C7: 4 | D7: 4 | E7: 5 | F7: 0 | G7: 176
A8: abr/2022 | B8: 13 | C8: 4 | D8: 5 | E8: 6 | F8: 2 | G8: 136
A9: mai/2022 | B9: 18 | C9: 4 | D9: 4 | E9: 5 | F9: 0 | G9: 176
A10: jun/2022 | B10: 17 | C10: 4 | D10: 4 | E10: 5 | F10: 0 | G10: 168
A11: jul/2022 | B11: 16 | C11: 5 | D11: 5 | E11: 5 | F11: 0 | G11: 168
A12: ago/2022 | B12: 18 | C12: 4 | D12: 4 | E12: 4 | F12: 1 | G12: 176
A13: set/2022 | B13: 16 | C13: 5 | D13: 4 | E13: 5 | F13: 0 | G13: 168
A14: out/2022 | B14: 16 | C14: 3 | D14: 5 | E14: 6 | F14: 1 | G14: 152
A15: nov/2022 | B15: 15 | C15: 4 | D15: 4 | E15: 6 | F15: 1 | G15: 152
A16: dez/2022 | B16: 16 | C16: 5 | D16: 5 | E16: 4 | F16: 1 | G16: 168
A17: jan/2023 | B17: 18 | C17: 4 | D17: 4 | E17: 5 | F17: 0 | G17: 176
A18: fev/2023 | B18: 2 | C18: 0 | D18: 0 | E18: 0 | F18: 0 | G18: 16
A19: Total de dias úteis | B19: =SUM(B6:B18) -> 196 | C19: =SUM(C6:C18) -> 50 | D19: Total de horas | G19: =SUM(G6:G18) -> 1968
A20: Total de dias úteis no período | G20: =B19+C19 -> 246
A22: AUXÍLIO-TRANSPORTE | J22: CÁLCULO DO VALOR DA HORA
A23: Posto de trabalho | B23: Salário | C23: 12 meses (12 * salário) | D23: Dias úteis no Período | E23: Resultado (12 meses /dias úteis) | F23: 6% * resultado | G23: Dias Trabalhados no Período | H23: Participação funcionário no período | J23: Postos de Trabalho | L23: Valor Mensal | M23: Divisor | N23: Valor da Hora
A25: ='Anx I Planilha de custos'!A7 -> Arquiteto de Software - Master | B25: ='Anx I Planilha de custos'!E7 -> 20062.83 | C25: =B25*12 -> 240753.96 | D25: =G20 -> 246 | E25: =C25/D25 -> 978.67463 | F25: =E25*0.06 -> 58.720478 | G25: =G20 -> 246 | H25: =F25*G25 -> 14445.238 | J25: ='Anx I Planilha de custos'!A7 -> Arquiteto de Software - Master | K25: 40 horas | L25: ='Anx I Planilha de custos'!M7 -> 45904.956 | M25: 200 | N25: =L25/M25 -> 229.52478
A26: ='Anx I Planilha de custos'!A8 -> Engenheiro de software - Fullstack Master | B26: ='Anx I Planilha de custos'!E8 -> 17094.2 | C26: =B26*12 -> 205130.4 | E26: =C26/D25 -> 833.86341 | F26: =E26*0.06 -> 50.031805 | H26: =F26*G25 -> 12307.824 | J26: ='Anx I Planilha de custos'!A8 -> Engenheiro de software - Fullstack Master | L26: ='Anx I Planilha de custos'!M8 -> 39226.575 | N26: =L26/M25 -> 196.13287
A27: ='Anx I Planilha de custos'!A9 -> Engenheiro de software - Fullstack Sênior | B27: ='Anx I Planilha de custos'!E9 -> 11434 | C27: =B27*12 -> 137208 | E27: =C27/D25 -> 557.7561 | F27: =E27*0.06 -> 33.465366 | H27: =F27*G25 -> 8232.48 | J27: ='Anx I Planilha de custos'!A9 -> Engenheiro de software - Fullstack Sênior | L27: ='Anx I Planilha de custos'!M9 -> 26493.1 | N27: =L27/M25 -> 132.4655
A28: ='Anx I Planilha de custos'!A10 -> Data Engineer - Master | B28: ='Anx I Planilha de custos'!E10 -> 15715.11 | C28: =B28*12 -> 188581.32 | E28: =C28/D25 -> 766.59073 | F28: =E28*0.06 -> 45.995444 | H28: =F28*G25 -> 11314.879 | J28: ='Anx I Planilha de custos'!A10 -> Data Engineer - Master | L28: ='Anx I Planilha de custos'!M10 -> 36124.104 | N28: =L28/M25 -> 180.62052
A29: ='Anx I Planilha de custos'!A11 -> Data Scientist - Master | B29: ='Anx I Planilha de custos'!E11 -> 15168.25 | C29: =B29*12 -> 182019 | E29: =C29/D25 -> 739.91463 | F29: =E29*0.06 -> 44.394878 | H29: =F29*G25 -> 10921.14 | J29: ='Anx I Planilha de custos'!A11 -> Data Scientist - Master | L29: ='Anx I Planilha de custos'!M11 -> 34893.859 | N29: =L29/M25 -> 174.4693
A30: ='Anx I Planilha de custos'!A12 -> Platform Engineer - Master | B30: ='Anx I Planilha de custos'!E12 -> 16500 | C30: =B30*12 -> 198000 | E30: =C30/D25 -> 804.87805 | F30: =E30*0.06 -> 48.292683 | H30: =F30*G25 -> 11880 | J30: ='Anx I Planilha de custos'!A12 -> Platform Engineer - Master | L30: ='Anx I Planilha de custos'!M12 -> 37889.832 | N30: =L30/M25 -> 189.44916
A31: ='Anx I Planilha de custos'!A13 -> Cloud Engineer - Master | B31: ='Anx I Planilha de custos'!E13 -> 18000 | C31: =B31*12 -> 216000 | E31: =C31/D25 -> 878.04878 | F31: =E31*0.06 -> 52.682927 | H31: =F31*G25 -> 12960 | J31: ='Anx I Planilha de custos'!A13 -> Cloud Engineer - Master | L31: ='Anx I Planilha de custos'!M13 -> 41264.309 | N31: =L31/M25 -> 206.32154
A33: Posto de trabalho | B33: Valor unitário do vale* | C33: Quantidade diária | D33: Dias úteis no ano | E33: Resultado | F33: Participação funcionário (anual) | G33: Participação empresa no período | H33: participação empresa (mensal)
A35: ='Anx I Planilha de custos'!A7 -> Arquiteto de Software - Master | B35: 5 | C35: 2 | D35: =G20 -> 246 | E35: =(B35*C35)*D$35 -> 2460 | F35: =H25 -> 14445.238 | G35: =IF(E35-F35<=0,0,E35-F35) -> 0 | H35: =G35/24 -> 0
A36: ='Anx I Planilha de custos'!A8 -> Engenheiro de software - Fullstack Master | C36: 2 | E36: =(B35*C36)*D$35 -> 2460 | F36: =H26 -> 12307.824 | G36: =IF(E36-F36<=0,0,E36-F36) -> 0 | H36: =G36/24 -> 0
A37: ='Anx I Planilha de custos'!A9 -> Engenheiro de software - Fullstack Sênior | C37: 2 | E37: =(B35*C37)*D$35 -> 2460 | F37: =H27 -> 8232.48 | G37: =IF(E37-F37<=0,0,E37-F37) -> 0 | H37: =G37/24 -> 0
A38: ='Anx I Planilha de custos'!A10 -> Data Engineer - Master | C38: 2 | E38: =(B35*C38)*D$35 -> 2460 | F38: =H28 -> 11314.879 | G38: =IF(E38-F38<=0,0,E38-F38) -> 0 | H38: =G38/24 -> 0
A39: ='Anx I Planilha de custos'!A11 -> Data Scientist - Master | C39: 2 | E39: =(B35*C39)*D$35 -> 2460 | F39: =H29 -> 10921.14 | G39: =IF(E39-F39<=0,0,E39-F39) -> 0 | H39: =G39/24 -> 0
A40: ='Anx I Planilha de custos'!A12 -> Platform Engineer - Master | C40: 2 | E40: =(B35*C40)*D$35 -> 2460 | F40: =H30 -> 11880 | G40: =IF(E40-F40<=0,0,E40-F40) -> 0 | H40: =G40/24 -> 0
A41: ='Anx I Planilha de custos'!A13 -> Cloud Engineer - Master | C41: 2 | E41: =(B35*C41)*D$35 -> 2460 | F41: =H31 -> 12960 | G41: =IF(E41-F41<=0,0,E41-F41) -> 0 | H41: =G41/24 -> 0
A43: OBSERVAÇÕES:
A44: Para o valor Unitário do Vale Transporte, foi levado em consideração o preço praticado em Brasília, devendo a empresa aplicar o valor correspondente à sua realidade, no entanto, deverá ser observada a metodologia de cálculo constante na planilha de formação de preços, cuja comprovação deverá ser comprovada quando do encaminhamento da proposta vencedora. http://semob.df.gov.br/tarifas/
W59: =SUM(W19:W58) -> 0
W60: =W16+W59 -> 0

Sheet Anx IV - Cálculo Cobertura
B3: CÁLCULO DO PROFISSIONAL DE COBERTURA
B5: Postos de Trabalho | C5: MONTANTE "A" | I5: MONTANTE "B" | L5: Somatório Montantes "A" e "B" | M5: CITL Calculado sobre o somatório dos Montantes "A" e "B" | N5: Total unitário mensal do posto de trabalho | O5: Valor da hora do cobertura
C6: Salário | D6: 13º Salário | E6: Férias | F6: Abono de férias | G6: Incidência do Módulo A sobre 13º Salário e Férias | H6: Total unitário Montante "A" | I6: Auxílio-Alimentação | J6: Auxílio-transporte - parte da empresa | K6: Total unitário Montante "B"
D9: 0.0833 | E9: 0.0833 | F9: 0.0278 | G9: ='Anx II- Encargos Sociais'!$D$15 -> 0.398 | I9: Valor Mensal | J9: Valor Mensal | M9: ='Anx II- Encargos Sociais'!K14 -> 0.31020408
B10: Arquiteto de Software - Master | C10: 20062.83 | D10: =C10*$D$9 -> 1671.2337 | E10: =C10*$E$9 -> 1671.2337 | F10: =$F$9*C10 -> 557.74667 | G10: =($G$9*D10)+(E10*$G$9) -> 1330.3021 | H10: =C10+D10+F10+G10+E10 -> 25293.346 | I10: ='Anx III - Horas, VT,VR, '!$O$6 -> 588.145 | J10: ='Anx III - Horas, VT,VR, '!H35 -> 0 | K10: =I10+J10 -> 588.145 | L10: =H10+K10 -> 25881.491 | M10: =L10*$M$9 -> 8028.5442 | N10: =L10+M10 -> 33910.035 | O10: =N10/200 -> 169.55018
B11: Engenheiro de software - Fullstack Master | C11: 17094.2 | D11: =C11*$D$9 -> 1423.9469 | E11: =C11*$E$9 -> 1423.9469 | F11: =$F$9*C11 -> 475.21876 | G11: =($G$9*D11)+(E11*$G$9) -> 1133.4617 | H11: =C11+D11+F11+G11+E11 -> 21550.774 | I11: ='Anx III - Horas, VT,VR, '!$O$6 -> 588.145 | J11: ='Anx III - Horas, VT,VR, '!H36 -> 0 | K11: =I11+J11 -> 588.145 | L11: =H11+K11 -> 22138.919 | M11: =L11*$M$9 -> 6867.5831 | N11: =L11+M11 -> 29006.502 | O11: =N11/200 -> 145.03251
B12: Engenheiro de software - Fullstack Senior | C12: 11434 | D12: =C12*$D$9 -> 952.4522 | E12: =C12*$E$9 -> 952.4522 | F12: =$F$9*C12 -> 317.8652 | G12: =($G$9*D12)+(E12*$G$9) -> 758.15195 | H12: =C12+D12+F12+G12+E12 -> 14414.922 | I12: ='Anx III - Horas, VT,VR, '!$O$6 -> 588.145 | J12: ='Anx III - Horas, VT,VR, '!H37 -> 0 | K12: =I12+J12 -> 588.145 | L12: =H12+K12 -> 15003.067 | M12: =L12*$M$9 -> 4654.0125 | N12: =L12+M12 -> 19657.079 | O12: =N12/200 -> 98.285395
B13: Data Engineer - Master | C13: 15715.11 | D13: =C13*$D$9 -> 1309.0687 | E13: =C13*$E$9 -> 1309.0687 | F13: =$F$9*C13 -> 436.88006 | G13: =($G$9*D13)+(E13*$G$9) -> 1042.0187 | H13: =C13+D13+F13+G13+E13 -> 19812.146 | I13: ='Anx III - Horas, VT,VR, '!$O$6 -> 588.145 | J13: ='Anx III - Horas, VT,VR, '!H38 -> 0 | K13: =I13+J13 -> 588.145 | L13: =H13+K13 -> 20400.291 | M13: =L13*$M$9 -> 6328.2535 | N13: =L13+M13 -> 26728.545 | O13: =N13/200 -> 133.64272
B14: Data Scientist - Master | C14: 15168.25 | D14: =C14*$D$9 -> 1263.5152 | E14: =C14*$E$9 -> 1263.5152 | F14: =$F$9*C14 -> 421.67735 | G14: =($G$9*D14)+(E14*$G$9) -> 1005.7581 | H14: =C14+D14+F14+G14+E14 -> 19122.716 | I14: ='Anx III - Horas, VT,VR, '!$O$6 -> 588.145 | J14: ='Anx III - Horas, VT,VR, '!H39 -> 0 | K14: =I14+J14 -> 588.145 | L14: =H14+K14 -> 19710.861 | M14: =L14*$M$9 -> 6114.3895 | N14: =L14+M14 -> 25825.25 | O14: =N14/200 -> 129.12625
B15: Platform Engineer - Master | C15: 16500 | D15: =C15*$D$9 -> 1374.45 | E15: =C15*$E$9 -> 1374.45 | F15: =$F$9*C15 -> 458.7 | G15: =($G$9*D15)+(E15*$G$9) -> 1094.0622 | H15: =C15+D15+F15+G15+E15 -> 20801.662 | I15: ='Anx III - Horas, VT,VR, '!$O$6 -> 588.145 | J15: ='Anx III - Horas, VT,VR, '!H40 -> 0 | K15: =I15+J15 -> 588.145 | L15: =H15+K15 -> 21389.807 | M15: =L15*$M$9 -> 6635.2055 | N15: =L15+M15 -> 28025.013 | O15: =N15/200 -> 140.12506
B16: Cloud Engineer - Master | C16: 18000 | D16: =C16*$D$9 -> 1499.4 | E16: =C16*$E$9 -> 1499.4 | F16: =$F$9*C16 -> 500.4 | G16: =($G$9*D16)+(E16*$G$9) -> 1193.5224 | H16: =C16+D16+F16+G16+E16 -> 22692.722 | I16: ='Anx III - Horas, VT,VR, '!$O$6 -> 588.145 | J16: ='Anx III - Horas, VT,VR, '!H41 -> 0 | K16: =I16+J16 -> 588.145 | L16: =H16+K16 -> 23280.867 | M16: =L16*$M$9 -> 7221.8201 | N16: =L16+M16 -> 30502.687 | O16: =N16/200 -> 152.51344
